 Dungeon Crawl Stone Soup version 0.30.0-18-gc0e69614cb (webtiles) character file.

Game seed: 16901720939683374543

1594 twolf1369 the Cleaver (level 8, 0/64 HPs)
             Began as a Minotaur Fighter on May 25, 2023.
             Was a Follower of Okawaru.
             Slain by a +6 rapier of Sharkskin {spect, Will+} (7 damage)
             ... created by a centaur
             ... on level 6 of the Dungeon.
             The game lasted 00:07:22 (3274 turns).

twolf1369 the Cleaver (Minotaur Fighter)            Turns: 3274, Time: 00:07:22

Health: 0/64       AC: 21    Str: 22    XL:     8   Next: 62%
Magic:  9/9        EV: 11    Int:  5    God:    Okawaru [*.....]
Gold:   154        SH:  4    Dex: 11    Spells: 7/7 levels left

rFire   x x .        a - +0 war axe
rCold   x x .        c - +0 buckler
rNeg    . . .        q - +0 plate armour
rPois   +            (helmet restricted)
rElec   .            (no cloak)
rCorr   .            l - +1 Delatra's gloves {ID++}
SInv    +            (no boots)
Will    .....        i - amulet of Elemental Vulnerability {rPois rF-- rC-- AC+8} Stlth
                     k - +5 ring of evasion
HPRegen 0.30/turn    r - ring of see invisible
MPRegen 0.11/turn

%: no passive effects
@: studying Stealth
A: horns 2, retaliatory headbutt
a: Renounce Religion, Heroism


You were on level 6 of the Dungeon.
You worshipped Okawaru.
Okawaru was aware of your devotion.
You visited 2 branches of the dungeon, and saw 7 of its levels.

You collected 154 gold pieces.

Inventory:

Hand Weapons
 a - a +0 war axe (weapon)
 b - a +0 mace of protection
Missiles
 o - 7 boomerangs (quivered)
Armour
 c - a +0 buckler (worn)
 l - the +1 Delatra's gloves (worn) {ID++}
   (You found it on level 2 of the Dungeon)

   ID++:      It heals its wearer when they drink unknown potions, and restores
   their MP when they read unknown scrolls.
 q - a +0 plate armour (worn)
Jewellery
 i - the amulet of Elemental Vulnerability (around neck) {rPois rF-- rC-- AC+8}
   (You found it on level 2 of the Dungeon)

   [amulet of nothing]

   AC:        It affects your AC (+8).
   rF:        It makes you very vulnerable to fire.
   rC:        It makes you very vulnerable to cold.
   rPois:     It protects you from poison.
 k - a +5 ring of evasion (left hand)
 r - a ring of see invisible (right hand)
 s - a ring of protection from cold
Scrolls
 f - 6 scrolls of immolation
 m - 5 scrolls of identify
 n - a scroll of fear
 p - 2 scrolls of teleportation
Potions
 d - 4 potions of might
 e - 2 potions of flight
 g - 2 potions of mutation
 h - a potion of curing
 j - 2 potions of attraction


   Skills:
 - Level 3.6 Fighting
 * Level 12.2 Axes
 - Level 3.6 Armour
 - Level 3.6 Shields
 + Level 3.8 Invocations


You had 7 spell levels left.
You didn't know any spells.
Your spell library contained the following spells:

 Spells                   Type           Power      Damage    Failure   Level
 Freeze                   Ice            0%         1d3       100%        1
 Magic Dart               Conj           0%         1d3       100%        1
 Lesser Beckoning         Tloc           0%         N/A       100%        2
 Sublimation of Blood     Necr           0%         N/A       100%        2
 Wereblood                Tmut           0%         N/A       100%        2
 Frozen Ramparts          Ice            0%         1d1       100%        3
 Gell's Gravitas          Tloc           0%         N/A       100%        3
 Hailstorm                Conj/Ice       0%         3d3       100%        3
 Mephitic Cloud           Conj/Pois/Air  0%         N/A       100%        3
 Teleport Other           Tloc           0%         N/A       100%        3
 Vhi's Electric Charge    Tloc/Air       0%         N/A       100%        3
 Arcjolt                  Conj/Air       0%         1d10      100%        5
 Plasma Beam              Fire/Air       0%         2x1d11    100%        6
 Call Imp                 Summ           Unusable   N/A       N/A         2
 Summon Hydra             Summ           Unusable   N/A       N/A         7

Dungeon Overview and Level Annotations

Branches:
Dungeon (6/15) Zot: 26285  Temple (1/1) D:5 Zot: 5980

Altars:
Ashenzari
Cheibriados
Dithmenos
Gozag
Makhleb
Okawaru
Qazlal
Trog
Uskayaw
Vehumet
Wu Jian
Xom
Yredelemnul
Zin
The Shining One


Innate Abilities, Weirdness & Mutations

You have a pair of horns on your head.
You reflexively headbutt those who attack you in melee.


Message History

The +6 rapier of Sharkskin {spect, Will+} hits you but does no damage.
The centaur kicks you but does no damage.
A steam dragon comes into view.
The iguana misses you.
A +6 rapier of Sharkskin {spect, Will+} comes into view.
You barely miss the centaur. You headbutt the centaur.
The centaur is moderately wounded.
You completely miss the +6 rapier of Sharkskin {spect, Will+}.
You hit the iguana.
The centaur hits you but does no damage.
You block the +6 rapier of Sharkskin {spect, Will+}'s attack.
The centaur kicks you but does no damage.
The iguana bites you but does no damage.
You barely miss the centaur. You headbutt the centaur.
The centaur is heavily wounded.
You slash the iguana!
You kill the iguana!
Okawaru accepts your kill.
You barely miss the +6 rapier of Sharkskin {spect, Will+}.
The centaur hits you but does no damage.
The +6 rapier of Sharkskin {spect, Will+} hits you!
* * * LOW HITPOINT WARNING * * *
The centaur kicks you but does no damage.
The centaur shoots an arrow.
You block the arrow. The centaur barely misses you.
The +6 rapier of Sharkskin {spect, Will+} hits you!
* * * LOW HITPOINT WARNING * * *
The centaur barely misses you.
You hear a shout! x2; You hear an angry hiss.
You barely miss the centaur. Your headbutt misses the centaur.
The centaur is heavily wounded.
You barely miss the +6 rapier of Sharkskin {spect, Will+}.
The +6 rapier of Sharkskin {spect, Will+} hits you but does no damage.
The centaur shoots an arrow.
The arrow hits you.
* * * LOW HITPOINT WARNING * * *
The centaur hits you but does no damage.
You block the +6 rapier of Sharkskin {spect, Will+}'s attack.
The centaur completely misses you.
The +6 rapier of Sharkskin {spect, Will+} hits you!
You die...

....# #.# #.##. ...# #.#
#.### #..# #.###.#
#..####...#.# . #
#..##.......# #.. #.
##.....###.### #.'#.#
##.......[.....#
.###..D###c..#..###..##.#
.....8Yc†@(.....# #..# #
.###..5###...##.# #..#
#.'#.# ##..##.# #..# #..
#. ##.##.# >..# . #
#.##.# ##.# #.. .##


You could see a steam dragon, a sky beast (invisible), a +6 rapier of Sharkskin
{spect, Will+}, 2 centaurs and a white imp.

Vanquished Creatures
  Duvessa (D:4)
  2 orc warriors
  A black bear (D:6)
  2 ogres
  2 scorpions
  A gnoll sergeant (D:5)
  3 wights (D:5)
  Dowan (D:4)
  3 jellies
  3 hounds
  A gnoll bouda (D:5)
  An orc priest (D:5)
  2 sleepcaps
  An iguana (D:6)
  2 orc wizards
  9 gnolls (D:5)
  6 adders
  A white imp (D:6)
  An ufetubus (D:5)
  A worm (D:3)
  2 dart slugs
  20 orcs
  13 ball pythons
  7 endoplasms
  6 giant cockroaches
  17 goblins
  5 hobgoblins
  A jackal (D:2)
  6 kobolds
  4 quokkas
  2 bats
  7 frilled lizards
  6 rats
140 creatures vanquished.

Vanquished Creatures (others)
  An orc wizard (D:6)
1 creature vanquished.

Grand Total: 141 creatures vanquished

Notes
Turn   | Place    | Note
-------+----------+-------------------------------------------
     0 | D:1      | twolf1369 the Minotaur Fighter began the quest for the Orb.
     0 | D:1      | Reached XP level 1. HP: 19/19 MP: 0/0
    47 | D:1      | Found a faded altar of an unknown god.
    58 | D:1      | Reached skill level 3 in Axes
    87 | D:1      | Reached XP level 2. HP: 15/26 MP: 1/1
   378 | D:1      | Reached skill level 4 in Axes
   587 | D:2      | Found a shimmering altar of Xom.
   591 | D:2      | Reached XP level 3. HP: 23/31 MP: 2/2
   668 | D:2      | Found the amulet of Elemental Vulnerability {rPois rF--
                  | rC-- AC+8}
   816 | D:2      | Reached skill level 5 in Axes
   836 | D:2      | Reached XP level 4. HP: 39/39 MP: 3/3
   840 | D:2      | Found the +1 Delatra's gloves {ID++}
   993 | D:2      | Reached skill level 6 in Axes
  1232 | D:3      | Identified the +1 sling of the Gibberer {speed, rC+ Str+3}
  1311 | D:3      | Reached XP level 5. HP: 45/45 MP: 4/4
  1498 | D:3      | Found a stormy altar of Qazlal.
  1584 | D:3      | Found an ornate altar of the Wu Jian Council.
  1818 | D:4      | Found a bloodstained altar of Trog.
  1885 | D:4      | Noticed Duvessa
  1886 | D:4      | Noticed Dowan
  1887 | D:4      | Noticed an orc warrior
  1889 | D:4      | Reached skill level 7 in Axes
  1901 | D:4      | Killed Duvessa
  1902 | D:4      | Reached skill level 8 in Axes
  1902 | D:4      | Reached XP level 6. HP: 51/51 MP: 5/5
  1904 | D:4      | Killed Dowan
  1908 | D:4      | Killed an orc warrior
  1909 | D:4      | Reached skill level 9 in Axes
  2048 | D:4      | Found a broken altar of Ashenzari.
  2095 | D:4      | Reached XP level 7. HP: 56/57 MP: 6/6
  2253 | D:5      | Entered Level 5 of the Dungeon
  2377 | D:5      | Reached skill level 10 in Axes
  2387 | D:5      | Found a staircase to the Ecumenical Temple.
  2433 | Temple   | Entered the Ecumenical Temple
  2443 | Temple   | Became a worshipper of Warmaster Okawaru
  2477 | D:5      | Reached skill level 1 in Invocations
  2493 | D:5      | Reached skill level 11 in Axes
  2493 | D:5      | Reached XP level 8. HP: 14/64 MP: 8/8
  2558 | D:5      | You fall into a shaft and drop 1 floor!
  2839 | D:5      | Reached * piety under Okawaru
  3259 | D:6      | Identified the +6 rapier of Sharkskin {spect, Will+}
  3260 | D:6      | Reached skill level 12 in Axes
  3274 | D:6      | Slain by a +6 rapier of Sharkskin {spect, Will+}

Illustrated notes

Levels and vault maps discovered:
D:1:      zaba_arrival_water, layout_rooms, hellmonk_ecumenical_altar_blasted,
          minivault_4, minmay_misc_feat_rugged, grunt_decor_mini_mirrors
D:2:      minmay_spotlight, layout_rooms, basic_altar, pf_guarded_unrand_delatra
D:3:      layout_rooms, lemuel_doored_altar, mainiacjoe_overflow_chevrons,
          grunt_decor_clamped
D:4:      layout_rooms, mainiacjoe_overflow_six_doors_small,
          trog_butcher_becter, minmay_manual_mail, uniq_duvessa
D:5:      layout_basic, minmay_temple_entry_gardened_gates
D:6:      cheibrodos_barr_body, layout_loops_ring, minmay_ogre_servants,
          uniq_prince_ribbit1
Temple:   cyrus_circular_temple

Skill      XL: |  1  2  3  4  5  6  7  8 |
---------------+-------------------------+-----
Axes           | 3 4 5 6 8 9 11 12 | 12.2
Invocations    | 2 3 |  3.8
Fighting       | |  3.6
Armour         | |  3.6
Shields        | |  3.6

Action                     |  1- 3 |  4- 6 |  7- 9 || total
---------------------------+-------+-------+-------++-------
  Melee: War axe           |    76 |   108 |   120 ||   304
         Headbutt          |     6 |    22 |    29 ||    57
    Use: Scroll            |     4 |     8 |     2 ||    14
         Potion            |       |     1 |       ||     1
 Armour: Scale mail        |    35 |    34 |    15 ||    84
         Plate armour      |       |       |    55 ||    55
  Dodge: Dodged            |    35 |    73 |    92 ||   200
  Block: Buckler           |    14 |    15 |    29 ||    58
